 Dungeon Crawl Stone Soup version 0.31.0-1-g2c135a008e (webtiles) character file.

Game seed: 2092002453852456661

975 Peloso the Slasher (level 7, -3/61 HPs)
             Began as a Minotaur Fighter on Jan 20, 2024.
             Slain by a wraith (8 damage)
             ... on level 7 of the Dungeon.
             The game lasted 00:09:17 (4540 turns).

Peloso the Slasher (Minotaur Fighter)               Turns: 4540, Time: 00:09:17

Health: -3/61      AC: 14    Str: 20    XL:     7   Next: 95%
Magic:  6/6        EV:  8    Int:  5    God:
Gold:   193        SH:  5    Dex: 12    Spells: 6/6 levels left

rFire   . . .        a - +0 long sword
rCold   + . .        d - +0 buckler
rNeg    . . .        c - +0 chain mail
rPois   .            (helmet restricted)
rElec   .            (no cloak)
rCorr   .            (no gloves)
SInv    .            (no boots)
Will    .....        (no amulet) Stlth
                     f - +4 ring of protection
HPRegen 0.30/turn    g - ring of protection from cold
MPRegen 0.10/turn

%: no passive effects
@: slowed, very slow
A: horns 2, retaliatory headbutt
a: no special abilities


You were on level 7 of the Dungeon.
You visited 1 branch of the dungeon, and saw 7 of its levels.
You also visited: Sewer.

You collected 193 gold pieces.

Inventory:

Hand Weapons
 a - a +0 long sword (weapon)
Armour
 b - a +0 scale mail
 c - a +0 chain mail (worn)
 d - a +0 buckler (worn)
 l - a +0 pair of boots
Jewellery
 f - a +4 ring of protection (left hand)
 g - a ring of protection from cold (right hand)
 p - a ring of positive energy
Wands
 k - a wand of mindburst (2)
 s - a wand of acid (5)
Scrolls
 e - a scroll of teleportation
 j - 6 scrolls of blinking {unknown}
 n - a scroll of enchant weapon
 o - 2 scrolls of butterflies
 r - a scroll of amnesia {unknown}
 t - a scroll of identify
 u - a scroll of poison {unknown}
Potions
 h - a potion of haste {unknown}
 i - a potion of attraction {unknown}
 m - 3 potions of mutation
 q - a potion of enlightenment {unknown}


   Skills:
 + Level 5.6 Fighting
 + Level 7.4 Long Blades
 + Level 6.0 Armour
 + Level 2.0 Dodging
 + Level 0.4 Stealth
 + Level 5.5 Shields
 + Level 0.9 Evocations


You had 6 spell levels left.
You didn't know any spells.
Your spell library contained the following spells:

 Spells                   Type           Power      Damage    Failure   Level
 Ensorcelled Hibernation  Hex/Ice        0%         N/A       100%        2
 Sublimation of Blood     Necr           0%         N/A       100%        2
 Fugue of the Fallen      Necr           0%         N/A       100%        3
 Anguish                  Hex/Necr       0%         N/A       100%        4
 Petrify                  Alch/Erth      0%         N/A       100%        4
 Irradiate                Conj/Alch      0%         3d11      100%        5


Dungeon Overview and Level Annotations

Branches:
Dungeon (8/15)              Sewer (visited)
 Temple: D:4-7         Lair: D:8-11

Altars:
Xom
The Shining One


Innate Abilities, Weirdness & Mutations

You have a pair of horns on your head.
You reflexively headbutt those who attack you in melee.


Message History

The wraith drains your vigour!
You feel as though you will be slow longer.
You barely miss the wraith.
You headbutt the wraith, but do no damage.
The wraith is lightly damaged.
The wraith barely misses you. You furiously retaliate!
You headbutt the wraith. You hit the wraith but do no damage.
Your headbutt misses the wraith.
The wraith is moderately damaged.
The wraith hits you. x2; The wraith drains your vigour!
You feel as though you will be slow longer.
You hit the wraith. You headbutt the wraith.
The wraith is heavily damaged.
The wraith hits you but does no damage. You block the wraith's attack.
You hit the wraith. Your headbutt misses the wraith.
The wraith is heavily damaged.
The wraith hits you.
* * * LOW HITPOINT WARNING * * *
The wraith drains your vigour!
You feel as though you will be slow longer.
You hit the wraith.
You headbutt the wraith, but do no damage.
The wraith is severely damaged.
The wraith hits you but does no damage. The wraith hits you.
* * * LOW HITPOINT WARNING * * *
You hit the wraith.
The wraith is severely damaged.
The wraith hits you.
* * * LOW HITPOINT WARNING * * *
The wraith drains your vigour!
You feel as though you will be slow longer.
You closely miss the wraith.
The wraith is severely damaged.
The wraith barely misses you. The wraith hits you.
* * * LOW HITPOINT WARNING * * *
The wraith drains your vigour!
You feel as though you will be slow longer.
You closely miss the wraith.
The wraith is severely damaged.
The wraith hits you!
You die...

..##..>........
...........###...
.....#.#..######..
.... ####.###.#..#
... ##..........#
....#...........#
#.....##.....##
...##....#......#
#....W@.#.....##
##.####.......# #.
###........
#........
.#....... .
.....#. #. .....#
## .##### ##


You could see a wraith.

Vanquished Creatures
  A steam dragon (D:7)
  A centaur (D:8)
  4 killer bees (D:8)
  2 bombardier beetles (D:4)
  3 jellies
  An orc priest (D:8)
  A gnoll bouda (D:8)
  Ijyb (D:3)
  Terence (D:3)
  2 orc wizards (D:8)
  A hell rat (Sewer)
  Robin (D:3)
  4 gnolls (D:8)
  3 adders
  6 river rats
  3 ribbon worms
  3 dart slugs
  4 orcs
  12 ball pythons
  3 endoplasms
  4 giant cockroaches
  16 goblins
  11 hobgoblins
  2 jackals (D:4)
  4 quokkas
  6 bats
  4 frilled lizards
  9 kobolds
  9 rats
  A butterfly (D:5)
123 creatures vanquished.

Notes
Turn   | Place    | Note
-------+----------+-------------------------------------------
     0 | D:1      | Peloso the Minotaur Fighter began the quest for the Orb.
     0 | D:1      | Reached XP level 1. HP: 19/19 MP: 0/0
   121 | D:1      | Reached XP level 2. HP: 27/27 MP: 1/1
   527 | D:1      | Reached XP level 3. HP: 33/33 MP: 2/2
  1550 | D:2      | Reached skill level 3 in Long Blades
  1829 | D:2      | Reached XP level 4. HP: 41/41 MP: 3/3
  1997 | D:3      | Noticed Terence
  2006 | D:3      | Killed Terence
  2007 | D:3      | Reached skill level 1 in Dodging
  2061 | D:3      | Noticed Ijyb
  2071 | D:3      | Killed Ijyb
  2111 | D:3      | Reached skill level 4 in Long Blades
  2116 | D:3      | Identified the +0 helmet of Coamunty {Rampage Will+}
  2116 | D:3      | Noticed Robin
  2123 | D:3      | Reached XP level 5. HP: 43/47 MP: 4/4
  2130 | D:3      | Killed Robin
  2151 | D:3      | Found a glowing golden altar of the Shining One.
  2182 | D:3      | Found a glowing drain.
  2232 | Sewer    | Entered a sewer
  2497 | D:3      | Reached skill level 5 in Long Blades
  2759 | D:3      | Reached XP level 6. HP: 40/53 MP: 5/5
  2766 | D:3      | Found a shimmering altar of Xom.
  2826 | D:3      | Reached skill level 5 in Armour
  3671 | D:4      | Reached skill level 5 in Fighting
  3672 | D:4      | HP: 1/56 [burnt (2)]
  4241 | D:5      | Entered Level 5 of the Dungeon
  4272 | D:5      | You fall into a shaft and drop 3 floors!
  4287 | D:8      | Reached skill level 5 in Shields
  4304 | D:8      | Reached skill level 6 in Long Blades
  4307 | D:8      | Reached XP level 7. HP: 17/61 MP: 6/6
  4405 | D:8      | Reached skill level 7 in Long Blades
  4511 | D:7      | Noticed a steam dragon
  4514 | D:7      | Killed a steam dragon
  4521 | D:7      | Noticed a wraith
  4540 | D:7      | Slain by a wraith

Illustrated notes

Levels and vault maps discovered:
D:1:      minmay_arrival_glassed_features, layout_basic, st_stairs_13,
          minmay_stone_trees_small, chequers_serial_rivers_micro_a
D:2:      wad_lake_hut, layout_basic
D:3:      layout_basic, dk_xom_monty_hall, nicolae_overflow_crystal_walls,
          serial_bayou, serial_bayou_lagoon_a, serial_bayou_pond_c,
          serial_bayou_lagoon_b, serial_bayou_crossing, serial_bayou_shore_b,
          portal_sewer_entry_a, patterned_corridor, uniq_ijyb, uniq_robin,
          uniq_terence
D:4:      layout_layer_cave, roderic_roman_lattice
D:5:      layout_basic, serial_shops, nicolae_shop_window_shopping,
          serial_co_window_serial, co_window_corner_a, co_window_corner_a,
          co_window_of_opportunity_a, co_window_corner_a,
          co_window_of_opportunity_a, co_window_of_opportunity_a,
          co_window_paths_a, co_window_cross_3, co_window_unsneaky_path_c,
          co_window_corner_b, glass_columns_b, glass_columns_b, glass_columns_c,
          hangedman_glass_garden, uniq_grinder, uniq_eustachio, uniq_duvessa
D:7:      layout_cave_pools, cheibriados_altar_1
D:8:      layout_loops_ring, mainiacjoe_overflow_six_doors_small,
          fedhas_altar_2, dpeg_lair_monsters, billiards_dpeg

Skill      XL: |  1  2  3  4  5  6  7 |
---------------+----------------------+-----
Fighting       | 4 5 |  5.6
Armour         | 4 5 6 |  6.0
Shields        | 4 5 |  5.5
Long Blades    | 3 4 5 6 7 |  7.4
Dodging        | 1 2 |  2.0
Stealth        | |  0.4
Evocations     | |  0.9

Action                     |  1- 3 |  4- 6 |  7- 9 || total
---------------------------+-------+-------+-------++-------
  Melee: Long sword        |   105 |   164 |    24 ||   293
         Headbutt          |     7 |    26 |     5 ||    38
  Evoke: Wand              |       |       |    13 ||    13
    Use: Potion            |     1 |     4 |     1 ||     6
         Scroll            |       |     6 |       ||     6
 Armour: Scale mail        |    72 |     4 |       ||    76
         Chain mail        |       |   143 |    26 ||   169
  Dodge: Dodged            |    62 |    82 |     8 ||   152
  Block: Buckler           |    34 |    44 |     5 ||    83
